 Dungeon Crawl Stone Soup version 0.21-a0-531-gacddea6 (webtiles) character file.

28 slep the Chopper (level 3, 0/27 HPs)
             Began as a Vine Stalker Gladiator on Dec 13, 2017.
             Succumbed to an adder's poison
             ... on level 2 of the Dungeon.
             The game lasted 00:01:48 (245 turns).

slep the Chopper (Vine Stalker Gladiator)            Turns: 245, Time: 00:01:49

Health: 0/27       AC: 21    Str: 17    XL:     3   Next: 14%
Magic:  4/4        EV:  2    Int:  8    God:
Gold:   11         SH:  0    Dex: 15    Spells: 2/2 levels left

rFire    . . .     SeeInvis .   a - +0 war axe
rCold    . . .     Gourm    .   (no shield)
rNeg     + + +     Faith    .   (armour currently unavailable)
rPois    +         Spirit   +   (helmet currently unavailable)
rElec    .         Reflect  .   (cloak currently unavailable)
rCorr    .         Harm     .   (gloves currently unavailable)
MR       .....     NoTele   +   (boots currently unavailable)
Stlth    +.........             (no amulet)
HPRegen  0.09/turn              (no ring)
MPRegen  0.09/turn              (no ring)

@: lethally poisoned (0 -> -1), tree-form
A: magic shield, no potion heal 3, rot immunity
a: no special abilities


You were on level 2 of the Dungeon.
You were not hungry.
You were a tree.
You visited 1 branch of the dungeon, and saw 2 of its levels.

You collected 11 gold pieces.

Inventory:

Hand Weapons
 a - a +0 war axe (weapon)
Missiles
 d - 3 throwing nets (quivered)
Armour
 b - a +0 leather armour
 c - a +0 helmet (melded)
 e - a +0 pair of gloves (melded)
 h - a +0 scale mail (melded)
Scrolls
 j - a scroll of identify {unknown}
 k - a scroll of remove curse {unknown}
Comestibles
 f - a bread ration
 i - 2 fruits


   Skills:
 + Level 1.9 Fighting
 + Level 3.2 Axes
 + Level 2.1 Throwing
 + Level 0.1 Armour
 + Level 2.7 Dodging


You had 2 spell levels left.
You didn't know any spells.

Dungeon Overview and Level Annotations

Branches:
Dungeon (1/15)

Altars:


Innate Abilities, Weirdness & Mutations

((You have extremely sharp teeth.))
When hurt, damage is shared between your health and your magic reserves.
((Your bite disrupts and absorbs the magic of your enemies.))
Potions cannot restore your health.
You are immune to rotting.


Message History

You feel invigorated.
You kill the adder!
You have reached level 3!
Your experience leads to an increase in your attributes!
Increase (S)trength, (I)ntelligence, or (D)exterity?
You feel stronger.
It was a potion of lignification.
You turn into a tree.
Your +0 helmet melds into your body.
Your +0 pair of gloves melds into your body.
Your +0 scale mail melds into your body.
Your roots penetrate the ground.
Unknown command.
There is a lethal amount of poison in your body!
* * * LOW HITPOINT WARNING * * *
You feel sick.
* * * LOW HITPOINT WARNING * * *
You feel sick.
* * * LOW HITPOINT WARNING * * *
You feel sick.
You die...

. .♣.
♣...##+####
........%.#
#.....♣..#
......)...#
##........#
#........#
#........#
#........#
#........#
#.........
########..


There were no monsters in sight!

Vanquished Creatures
  An adder (D:2)
  2 dart slugs (D:1)
  2 hobgoblins (D:1)
  3 bats (D:1)
  2 goblins
  4 kobolds (D:1)
  3 rats
17 creatures vanquished.

Notes
Turn   | Place    | Note
-------+----------+-------------------------------------------
     0 | D:1      | slep the Vine Stalker Gladiator began the quest for the Orb.
     0 | D:1      | Reached XP level 1. HP: 11/11 MP: 2/2
    45 | D:1      | Reached XP level 2. HP: 8/15 MP: 3/3
    74 | D:1      | Reached skill level 3 in Axes
   216 | D:1      | You fall through a shaft!
   231 | D:2      | Reached XP level 3. HP: 2/18 MP: 4/4
   237 | D:2      | HP: 1/27 [poisoned by an adder]
   245 | D:2      | Succumbed to an adder's poison

Vault maps used:
D:1:      lightli_arrival_isolated_outpost, minmay_split_cup_small
D:2:      nicolae_ru_great_annihilating_truth, first_bread,
          chequers_ecumenical_altar_simple_redux, fedhas_altar_1

Skill      XL: |  1  2 |
---------------+-------+-----
Axes           | 3 |  3.2
Throwing       | 2 |  2.1
Fighting       | |  1.9
Armour         | |  0.1
Dodging        | |  2.7

Action                   || total
-------------------------++-------
Melee: War axe           ||    43
       Bite              ||     9
  Use: Potion            ||     1
Armor: Leather armour    ||     5
       Scale mail        ||    19
Dodge: Dodged            ||    38

Table legend:
 A = Spawn XP
 B = Non-spawn XP
 C = Spawn XP percentage of total XP
 D = Spawn monster count
 E = Non-spawn monster count
 F = Spawn count percentage of total count
 G = Total turns spent on level
                    A         B        C        D         E        F      G
               +---------+---------+-------+---------+---------+-------+---------
         Total |       0 |      41 |   0.0 |       0 |      17 |   0.0 |   245
               +---------+---------+-------+---------+---------+-------+---------
           D:1 |       0 |      25 |   0.0 |       0 |      14 |   0.0 |   216
           D:2 |       0 |      16 |   0.0 |       0 |       3 |   0.0 |    29
               +---------+---------+-------+---------+---------+-------+---------
